 Dungeon Crawl Stone Soup version 0.24-a0-290-gbb66a672fa (webtiles) character file.

Game seed: 4034161209811473745

70 Roikka the Cudgeler (level 4, 0/34 HPs)
             Began as a Demonspawn Gladiator on May 8, 2019.
             Was a Follower of Wu Jian.
             Slain by Natasha (3 damage)
             ... on level 2 of the Dungeon.
             The game lasted 00:03:22 (2026 turns).

Roikka the Cudgeler (Demonspawn Gladiator)          Turns: 2026, Time: 00:03:24

Health: 0/34       AC:  3    Str: 16    XL:     4   Next: 3%
Magic:  4/4        EV: 13    Int:  9    God:    Wu Jian [*.....]
Gold:   80         SH:  0    Dex: 16    Spells: 3/3 levels left

rFire    . . .     SeeInvis .   a - +0 flail
rCold    . . .     Gourm    .   (no shield)
rNeg     . . .     Faith    .   b - +0 leather armour
rPois    .         Spirit   .   (helmet restricted)
rElec    .         Reflect  .   (no cloak)
rCorr    .         Harm     .   (no gloves)
MR       .....                  (no boots)
Stlth    ++........             (no amulet)
HPRegen  0.11/turn              (no ring)
MPRegen  0.09/turn              (no ring)

@: slowed, very slow
A: horns 1, thin skeletal structure 1, powered by death 1
a: Renounce Religion


You were on level 2 of the Dungeon.
You worshipped Wu Jian.
Wu Jian was aware of your devotion.
You were not hungry.

You visited 1 branch of the dungeon, and saw 2 of its levels.

You collected 80 gold pieces.

Inventory:

Hand Weapons
 a - a +0 flail (weapon)
Missiles
 d - 3 throwing nets (quivered)
Armour
 b - a +0 leather armour (worn)
Scrolls
 e - 2 scrolls of amnesia {unknown}
 h - 2 scrolls of remove curse {unknown}
 j - a scroll of blinking {unknown}
 k - 4 scrolls of teleportation {unknown}
 l - 3 scrolls of identify {unknown}
 m - a scroll of fog {unknown}
Potions
 c - a potion of lignification {unknown}
 g - a potion of heal wounds {unknown}
 i - a potion of ambrosia {unknown}
 n - a potion of might {unknown}
Comestibles
 f - 3 rations


   Skills:
 + Level 2.9 Fighting
 * Level 4.0 Maces & Flails
 - Level 1.7 Throwing
 - Level 2.6 Dodging


You had 3 spell levels left.
You didn't know any spells.
Your spell library was empty.

Dungeon Overview and Level Annotations

Branches:
Dungeon (2/15)

Altars:
Elyvilon
Gozag
Trog
Vehumet
Wu Jian

Annotations:
D:2 Natasha


Innate Abilities, Weirdness & Mutations

You have a pair of small horns on your head.
You have a somewhat thin skeletal structure. (Dex +2, Stealth)
You regenerate a little health from kills.


Message History

You thump Natasha!
Natasha is almost dead.
Natasha completely misses you.
Natasha mumbles some strange words.
You closely miss Natasha.
Natasha is almost dead.
Natasha claws you.
* * * LOW HITPOINT WARNING * * *
The white imp hits you.
* * * LOW HITPOINT WARNING * * *
The white imp freezes you.
* * * LOW HITPOINT WARNING * * *
Natasha claws you but does no damage.
You barely miss Natasha.
Natasha is almost dead.
The white imp barely misses you.
Natasha stares at you and mumbles some strange words.
You resist with some effort. The white imp barely misses you.
Natasha claws you.
You die...

#(. #.# #..... #.. #.# #.....
#.# #.# #..... #.# ###.####.)...
######.# #..........##
#...(#.#########.....^....#
.####)...#.#..................##
.........'....................'.
[........#....h@5.............##
.....###.###.##########.....(.#
.### #.# #.....# #.####### #.#
#.....# #.#
#######.###.....######.########
.......>........+..............
####....###.....######.########
#....# #.##### #.# #... #....#
#.##########.## #...


You could see Natasha and a white imp.

Vanquished Creatures
  Natasha (D:2)
  2 adders (D:2)
  A worm (D:2)
  A leopard gecko (D:2)
  A bat (D:1)
  3 giant cockroaches
  2 goblins (D:1)
  2 hobgoblins
  3 jackals (D:1)
  2 kobolds (D:2)
  2 frilled lizards (D:1)
  A rat (D:2)
21 creatures vanquished.

Notes
Turn   | Place    | Note
-------+----------+-------------------------------------------
     0 | D:1      | Roikka the Demonspawn Gladiator began the quest for the
                  | Orb.
     0 | D:1      | Reached XP level 1. HP: 16/16 MP: 1/1
    54 | D:1      | Reached skill level 3 in Maces & Flails
   262 | D:1      | Gained mutation: You have a pair of small horns on your
                  | head. [demonic ancestry]
   262 | D:1      | Reached XP level 2. HP: 17/22 MP: 2/2
  1350 | D:2      | Gained mutation: You regenerate a little health from kills.
                  | [demonic ancestry]
  1350 | D:2      | Reached XP level 3. HP: 21/28 MP: 3/3
  1553 | D:2      | Found an opulent altar of Gozag.
  1553 | D:2      | Found a radiant altar of Vehumet.
  1679 | D:2      | Found a bloodstained altar of Trog.
  1681 | D:2      | Found a white marble altar of Elyvilon.
  1683 | D:2      | Found a faded altar of an unknown god.
  1687 | D:2      | Became a worshipper of the Wu Jian Council
  1687 | D:2      | Reached * piety under Wu Jian
  1802 | D:2      | Noticed Natasha
  1808 | D:2      | Killed Natasha
  1815 | D:2      | Found an ornate altar of the Wu Jian Council.
  1876 | D:2      | Reached skill level 4 in Maces & Flails
  1879 | D:2      | Gained mutation: You have a somewhat thin skeletal
                  | structure. (Dex +2, Stealth) [demonic ancestry]
  1879 | D:2      | Reached XP level 4. HP: 34/34 MP: 4/4
  2010 | D:2      | Noticed Natasha
  2026 | D:2      | Slain by Natasha

Levels and vault maps discovered:
D:1:      psy_arrival_spokes, layout_basic
D:2:      layout_basic, lemuel_doored_altar,
          chequers_temple_overflow_minitemple, first_ration,
          makhleb_altar_promises_db, uniq_natasha

Skill      XL: |  1  2  3 |
---------------+----------+-----
Maces & Flails | 3 4 |  4.0
Fighting       | |  2.9
Throwing       | |  1.7
Dodging        | |  2.6

Action                   |  1- 3 |  4- 6 || total
-------------------------+-------+-------++-------
Melee: Flail             |    67 |    13 ||    80
       Headbutt          |    12 |     2 ||    14
Invok: Lunge             |     2 |     2 ||     4
 Stab: Sleeping          |       |     1 ||     1
  Eat: Chunk             |     3 |       ||     3
Armor: Leather armour    |    14 |     3 ||    17
Dodge: Dodged            |    55 |     6 ||    61

Table legend:
 A = Non-vault XP
 B = Vault XP
 C = Vault XP percentage of total XP
 D = Non-vault monster count
 E = Vault monster count
 F = Vault count percentage of total count
                 A         B        C        D         E       F
            +---------+---------+-------+---------+---------+-------
      Total |      64 |      36 |  36.0 |      20 |       1 |   4.8
            +---------+---------+-------+---------+---------+-------
        D:1 |      18 |       0 |   0.0 |      10 |       0 |   0.0
        D:2 |      46 |      36 |  43.9 |      10 |       1 |   9.1
            +---------+---------+-------+---------+---------+-------
